 Dungeon Crawl Stone Soup version 0.21.0-22-g11d5b52 (webtiles) character file.

42 sankara the Chopper (level 3, 0/34 HPs)
             Began as a Deep Dwarf Fighter on Jan 19, 2018.
             Slain by a gnoll
             ... wielding a +0 spear
              (4 damage)
             ... on level 2 of the Dungeon.
             The game lasted 00:01:52 (523 turns).

sankara the Chopper (Deep Dwarf Fighter)             Turns: 523, Time: 00:01:53

Health: 0/34       AC:  6    Str: 24    XL:     3   Next: 33%
Magic:  3/3        EV:  7    Int:  8    God:
Gold:   79         SH: 10    Dex: 15    Spells: 2/2 levels left

rFire    + . .     SeeInvis .   a - +0 war axe
rCold    . . .     Gourm    .   c - +0 shield
rNeg     . . .     Faith    .   b - +0 scale mail
rPois    .         Spirit   .   (no helmet)
rElec    .         Reflect  .   (no cloak)
rCorr    .         Harm     .   (no gloves)
MR       .....                  (no boots)
Stlth    ..........             (no amulet)
HPRegen  0.00/turn              (no ring)
MPRegen  0.08/turn              (no ring)

@: mighty, flying, non-regenerating
A: damage resistance, heal wounds, claws 1, agile 1, fire resistance 1, sense
surroundings 1, no regeneration
a: Heal Wounds


You were on level 2 of the Dungeon.
You were not hungry.

You visited 1 branch of the dungeon, and saw 2 of its levels.

You collected 79 gold pieces.

Inventory:

Hand Weapons
 a - a +0 war axe (weapon)
Armour
 b - a +0 scale mail (worn)
 c - a +0 shield (worn)
 i - a +0 plate armour
Scrolls
 e - a scroll of enchant weapon {unknown}
 g - a scroll of fog {unknown}
 h - a scroll of remove curse {unknown}
 k - a scroll of fear {unknown}
 o - a scroll of teleportation {unknown}
Potions
 n - a potion of mutation
Comestibles
 f - a ration
 j - 4 chunks of flesh


   Skills:
 + Level 3.2 Fighting
 * Level 3.6 Axes
 - Level 3.2 Armour
 - Level 3.2 Shields


You had 2 spell levels left.
You didn't know any spells.

Dungeon Overview and Level Annotations

Branches:
Dungeon (2/15)

Altars:


Innate Abilities, Weirdness & Mutations

You are resistant to damage.
You can heal yourself by infusing magical energy.
You passively map a small area around you.
You do not regenerate.
You have sharp fingernails.
You are agile. (Dex +2)
Your flesh is heat resistant. (rF+)


Message History

You are too injured to fight recklessly!
It was a potion of flight.
You feel very buoyant.
You fly up into the air.
You block the gnoll's attack.
It was a potion of curing.
You feel better. The gnoll hits you with a flail.
The gnoll hits you from afar with a spear.
It was a potion of mutation.
You feel extremely strange.
Your fingernails lengthen.
You feel resistant to heat.
You feel agile. You block the gnoll's attack. The gnoll hits you with a flail!
* * * LOW HITPOINT WARNING * * *
You feel very mighty all of a sudden. The gnoll hits you but does no damage.
You block the gnoll's attack.
You hit the gnoll.
You kill the gnoll!
The gnoll barely misses you. The gnoll hits you but does no damage.
A goblin comes into view.
You block the gnoll's attack.
You see here a flail.
You barely miss the gnoll. The gnoll hits you with a spear!
You die...

, , , *, , ....... , ,
......., ......", , ,
...... , , ###...g, *
*
,,,.......############
.......#..........#
#..g@..........#
#####..........#
#.....<....#
#..........#
#..........#
#..........#
############


You could see a gnoll and a goblin.

Vanquished Creatures
  A gnoll (D:2)
  An adder (D:2)
  An ooze (D:1)
  A dart slug (D:1)
  4 goblins (D:1)
  3 hobgoblins (D:1)
  A bat (D:1)
  A frilled lizard (D:1)
  4 rats
17 creatures vanquished.

Notes
Turn   | Place    | Note
-------+----------+-------------------------------------------
     0 | D:1      | sankara the Deep Dwarf Fighter began the quest for the Orb.
     0 | D:1      | Reached XP level 1. HP: 20/20 MP: 1/1
   134 | D:1      | Reached XP level 2. HP: 21/27 MP: 2/2
   498 | D:2      | Reached XP level 3. HP: 21/34 MP: 3/3
   519 | D:2      | Gained mutation: You have sharp fingernails. [potion of mutation]
   519 | D:2      | Gained mutation: Your flesh is heat resistant. (rF+) [potion of mutation]
   519 | D:2      | Gained mutation: You are agile. (Dex +2) [potion of mutation]
   523 | D:2      | Slain by a gnoll

Skill      XL: |  1  2 |
---------------+-------+-----
Axes           | 3 |  3.6
Fighting       | 3 |  3.2
Armour         | |  3.2
Shields        | |  3.2

Action                   || total
-------------------------++-------
Melee: War axe           ||    44
  Use: Potion            ||     4
Armor: Scale mail        ||    18
Dodge: Dodged            ||    15
Block: Shield            ||    20
